 Dungeon Crawl Stone Soup version 0.29-a0-834-g1e95ca9f62 (webtiles) character file.

Game seed: 2705389755994292086

9444 nickcage the Destroyer (level 11, -2/74 HPs)
             Began as a Green Draconian Conjurer on July 12, 2022.
             Was a Believer of Sif Muna.
             Slain by a cane toad (14 damage)
             ... on level 1 of the Lair of Beasts.
             The game lasted 01:05:36 (14872 turns).

nickcage the Destroyer (Green Draconian Conjurer)  Turns: 14872, Time: 01:05:37

Health: -2/74      AC: 14    Str:  9    XL:     11   Next: 23%
Magic:  3/22       EV: 16    Int: 24    God:    Sif Muna [**....]
Gold:   342        SH:  0    Dex:  9    Spells: 2/25 levels left

rFire   . . .      SeeInvis +   p - +4 rapier (vamp)
rCold   . . .      Faith    .   (no shield)
rNeg    + . .      Spirit   .   (body armour unavailable)
rPois   +          Reflect  .   b - +1 hat of Lightning Storm {rElec Will+ SInv}
rElec   +          Harm     .   g - +2 cloak
rCorr   .          Rampage  .   (no gloves)
Will    +....                   F - +2 pair of boots
Stlth   ++........              (no amulet)
HPRegen 0.22/turn               z - +4 ring of evasion
MPRegen 0.18/turn               m - ring of positive energy

@: no status effects
A: breathe noxious fumes, AC +7, unfitting armour, poison resistance,
cold-blooded
a: Breathe Noxious Fumes, Renounce Religion, Channel Magic


You were on level 1 of the Lair of Beasts.
You worshipped Sif Muna.
Sif Muna was pleased with you.
You visited 3 branches of the dungeon, and saw 13 of its levels.
You also visited: Ossuary.

You collected 541 gold pieces.
You spent 199 gold pieces at shops.

Inventory:

Hand Weapons
 c - a +0 dagger
 p - a +4 vampiric rapier (weapon)
Missiles
 y - a throwing net
Armour
 b - the +1 hat of Lightning Storm (worn) {rElec Will+ SInv}
   (You acquired it on level 3 of the Dungeon)

   rElec:     It insulates you from electricity.
   SInv:      It lets you see invisible.
   Will:      It increases your willpower.
 g - a +2 cloak (worn)
 F - a +2 pair of boots (worn)
Magical Staves
 J - a staff of poison
Jewellery
 h - a ring of see invisible
 m - a ring of positive energy (right hand)
 s - a ring of resist corrosion
 v - a ring of flight
 z - a +4 ring of evasion (left hand)
 O - a ring of willpower
Wands
 l - a wand of quicksilver (6)
 K - a wand of flame (21)
 L - a wand of digging (2)
 N - a wand of roots (3)
Scrolls
 k - 3 scrolls of identify
 o - 4 scrolls of poison
 u - a scroll of amnesia
 x - a scroll of magic mapping
 B - 2 scrolls of teleportation
 C - a scroll of blinking
 G - a scroll of fear
 H - a scroll of brand weapon
 I - 2 scrolls of fog
 P - a scroll of enchant weapon
Potions
 a - 4 potions of magic
 d - a potion of berserk rage
 e - 4 potions of cancellation
 f - 2 potions of haste
 i - 5 potions of ambrosia
 j - 4 potions of heal wounds
 n - 11 potions of curing
 q - a potion of mutation
 r - 2 potions of attraction
 t - 3 potions of flight
 w - 2 potions of brilliance
 A - 2 potions of invisibility
 D - a potion of resistance {unknown}
 E - a potion of might
Miscellaneous
 M - a condenser vane


   Skills:
 - Level 0.1 Short Blades
 - Level 1.7 Dodging
 - Level 1.7 Stealth
 + Level 7.9 Spellcasting
 + Level 14.6 Conjurations
 * Level 2.6 Hexes
 - Level 2.3 Translocations
 * Level 4.1 Earth Magic
 - Level 1.1 Invocations


You had 2 spell levels left.
You knew the following spells:

 Your Spells              Type           Power      Damage    Failure   Level
a - Magic Dart            Conj           100%       1d8       0%          1
b - Searing Ray           Conj           100%       2d8       1%          2
c - Fulminant Prism       Conj/Hex       25%        3d14      1%          4
d - Iskenderun's Mystic   Conj/Tloc      50%        2d11      1%          4
e - Blink                 Tloc           42%        N/A       3%          2
f - Iron Shot             Conj/Erth      26%        9d6       22%         6
g - Cause Fear            Hex            11%        N/A       22%         4

Your spell library contained the following spells:

 Spells                   Type           Power      Damage    Failure   Level
 Dazzling Flash           Conj/Hex       100%       N/A       1%          3
 Iskenderun's Battlesphe  Conj           68%        2d12      1%          5
 Portal Projectile        Hex/Tloc       42%        N/A       7%          3
 Inner Flame              Hex/Fire       15%        N/A       12%         3
 Leda's Liquefaction      Hex/Erth       12%        N/A       16%         4
 Call Canine Familiar     Summ           9%         N/A       21%         3
 Manifold Assault         Tloc           21%        N/A       56%         5
 Blade Hands              Tmut           4%         N/A       88%         5
 Spellforged Servitor     Conj/Summ      22%        N/A       95%         7
 Storm Form               Tmut/Air       4%         N/A       100%        7
 Discord                  Hex            11%        N/A       100%        8
 Animate Armour           Summ/Erth      Unusable   N/A       N/A         4

Dungeon Overview and Level Annotations

Branches:
Dungeon (11/15)            Temple (1/1) D:6            Lair (1/6) D:9
    Orc (0/2) D:9         Ossuary (visited)

Altars:
Ashenzari
Cheibriados
Dithmenos
Elyvilon
Fedhas
Gozag
Hepliaklqana
Kikubaaqudgha
Makhleb
Nemelex Xobeh
Okawaru
Qazlal
Ru
Sif Muna
Trog
Uskayaw
Vehumet
Wu Jian
Xom
Yredelemnul
Zin
The Shining One

Shops:
D:3 !   D:6 ?   D:7 [   D:8 (

Annotations:
D:11 Urug


Innate Abilities, Weirdness & Mutations

You can breathe blasts of noxious fumes.
Your lurid green scales are hard. (AC +7)
You cannot fit into any form of body armour.
Your system is resistant to poisons. (rPois)
You are cold-blooded and may be slowed by cold attacks.


Message History

The six-headed hydra is knocked back by the mystic blast.
Found 19 gold pieces.
Casting: Iskenderun's Mystic Blast (dangerous; 1% risk of failure)
Confirm with . or Enter, or press ? or * to list all spells.
Aiming: Fulminant Prism (dangerous; 1% risk of failure)
Press: ? - help, Dir - move target, p - cane toad You miscast Fulminant Prism.
You are very lightly contaminated with residual magic.
Nothing appears to happen.
The six-headed hydra attacks as you move away!
The six-headed hydra bites you!
The six-headed hydra closely misses you.
The six-headed hydra misses you. x3
The six-headed hydra bites you but does no damage.
Okay, then.
The six-headed hydra attacks as you move away!
The six-headed hydra bites you. The six-headed hydra bites you!
The six-headed hydra bites you but does no damage.
The six-headed hydra bites you.
The six-headed hydra completely misses you.
The six-headed hydra bites you!
The six-headed hydra attacks as you move away!
The six-headed hydra bites you but does no damage. x3
The six-headed hydra bites you. The six-headed hydra barely misses you.
The six-headed hydra misses you.
Your magical contamination has completely faded away.
Casting: Fulminant Prism (dangerous; 1% risk of failure)
Confirm with . or Enter, or press ? or * to list all spells.
You blink.
You feel stable enough to blink again. The cane toad attacks as you move away!
The cane toad barely misses you. The cane toad misses you.
The cane toad attacks as you move away! The cane toad stings you!
* * * LOW HITPOINT WARNING * * *
The cane toad attacks as you move away! The cane toad barely misses you.
The cane toad attacks as you move away! The cane toad barely misses you.
The cane toad stings you.
* * * LOW HITPOINT WARNING * * *
The cane toad attacks as you move away! The cane toad stings you!
You die...

##..#.....#....P#.........
#........#....##........#
#.....#.#.....#####..####
#..............###P.#####
##.....................$..
#.........................
##........................
#....D.F.................
#..#####@+#.......#######
#..#......#......##
#................#
#..#.............#
##.........#......##
#....................
##.........#......##.
#..#.#.####......## #
#..........).......


You could see a six-headed hydra and a cane toad.

Vanquished Creatures
  3 two-headed ogres
  Pikel (D:9)
  A cane toad (Lair:1)
  Prince Ribbit (D:7)
  2 wraiths (D:9)
  6 yaks (D:9)
  A wyvern (Lair:1)
  Edmund (D:6)
  A steam dragon (D:8)
  2 wargs (D:9)
  6 orc warriors
  2 ice beasts
  5 water moccasins
  4 sky beasts
  A black bear (D:5)
  3 ogres
  5 centaurs
  4 phantoms
  2 kobold brigands
  2 necrophages
  3 bullfrogs (D:6)
  A gnoll sergeant (D:5)
  2 scorpions
  11 killer bees (D:10)
  An electric eel (D:8)
  A howler monkey (D:9)
  A crimson imp (D:8)
  3 hounds
  4 jellies
  10 orc priests
  Crazy Yiuf (D:6)
  Jessica (D:3)
  7 orc wizards
  Natasha (thrice) (D:4)
  2 iguanas
  3 mummies (Ossuary)
  4 gnolls (D:5)
  11 adders
  2 white imps
  3 adder zombies (Ossuary)
  5 dart slugs
  25 orcs
  4 ball pythons
  6 endoplasms
  3 giant cockroaches
  8 goblins
  7 hobgoblins
  5 jackals (D:1)
  2 quokkas
  8 bats
  7 goblin zombies (Ossuary)
  3 hobgoblin zombies (Ossuary)
  16 kobolds
  3 kobold zombies (Ossuary)
  A quokka zombie (Ossuary)
  9 rats
  A rat zombie (Ossuary)
240 creatures vanquished.

Vanquished Creatures (others)
  24 fulminant prisms
  A fungus (Lair:1)
  6 plants
31 creatures vanquished.

Grand Total: 271 creatures vanquished

Notes
Turn   | Place    | Note
-------+----------+-------------------------------------------
     0 | D:1      | nickcage the Draconian Conjurer began the quest for the
                  | Orb.
     0 | D:1      | Reached XP level 1. HP: 14/14 MP: 3/3
   107 | D:1      | You fall into a shaft and drop 1 floor!
   184 | D:2      | Reached XP level 2. HP: 11/20 MP: 1/5
   528 | D:2      | Learned a level 2 spell: Searing Ray
   568 | D:2      | Reached XP level 3. HP: 26/26 MP: 3/6
   768 | D:2      | Reached skill level 5 in Conjurations
  1024 | D:1      | Found a faded altar of an unknown god.
  1505 | D:1      | Reached XP level 4. HP: 33/33 MP: 2/7
  1571 | D:1      | Learned a level 4 spell: Fulminant Prism
  2777 | D:3      | Noticed Jessica
  2781 | D:3      | Killed Jessica
  2782 | D:3      | Reached XP level 5. HP: 38/38 MP: 4/9
  2850 | D:3      | Identified a scroll of acquirement
  2850 | D:3      | Acquired the +1 hat of Lightning Storm {rElec Will+ SInv}
  3070 | D:3      | Found Vaecomn's Distillery.
  3073 | D:3      | Bought a potion of curing for 39 gold pieces
  3114 | D:4      | Noticed Natasha
  3118 | D:4      | Killed Natasha
  3119 | D:4      | Reached skill level 6 in Conjurations
  3171 | D:4      | Noticed Natasha
  3178 | D:4      | Killed Natasha
  3189 | D:4      | Noticed Natasha
  3194 | D:4      | Killed Natasha
  3577 | D:4      | Reached XP level 6. HP: 45/45 MP: 3/11
  3664 | D:4      | Learned a level 4 spell: Iskenderun's Mystic Blast
  3931 | D:5      | Entered Level 5 of the Dungeon
  4033 | D:5      | Reached skill level 7 in Conjurations
  4035 | D:5      | Your scales start taking on a lurid green colour.
  4035 | D:5      | Reached XP level 7. HP: 43/50 MP: 4/13
  4035 | D:5      | Gained mutation: Your system is resistant to poisons.
                  | (rPois) [Green Draconian growth]
  4143 | D:5      | Reached skill level 1 in Hexes
  4353 | D:5      | Reached skill level 5 in Spellcasting
  4560 | D:5      | Reached skill level 8 in Conjurations
  4719 | D:5      | Found a bloodstained altar of Trog.
  4720 | D:5      | Found a shimmering blue altar of Sif Muna.
  4720 | D:5      | Found an iron altar of Okawaru.
  4721 | D:5      | Found an ancient bone altar of Kikubaaqudgha.
  4722 | D:5      | Found a glowing silver altar of Zin.
  4722 | D:5      | Found a stormy altar of Qazlal.
  4723 | D:5      | Found a white marble altar of Elyvilon.
  4724 | D:5      | Found an opulent altar of Gozag.
  4724 | D:5      | Found a broken altar of Ashenzari.
  4729 | D:5      | Found a sparkling altar of Nemelex Xobeh.
  4894 | D:5      | Reached XP level 8. HP: 57/57 MP: 10/15
  5363 | D:6      | Reached skill level 1 in Translocations
  5619 | D:6      | Reached skill level 9 in Conjurations
  6000 | D:6      | Noticed Edmund
  6170 | D:6      | Found Joiclaam's Magic Scroll Boutique.
  6184 | D:6      | Bought a scroll of magic mapping for 97 gold pieces
  6219 | D:6      | Reached skill level 10 in Conjurations
  6257 | D:6      | Reached XP level 9. HP: 62/62 MP: 9/18
  6387 | D:6      | Killed Edmund
  6562 | D:6      | Found a staircase to the Ecumenical Temple.
  6601 | Temple   | Entered the Ecumenical Temple
  6778 | D:5      | Became a worshipper of Sif Muna the Loreminder
  6895 | D:6      | Found a runed translucent door.
  6896 | D:6      | Noticed Crazy Yiuf
  7166 | D:6      | Killed Crazy Yiuf
  7465 | D:7      | Reached skill level 11 in Conjurations
  8145 | D:7      | Found Jesegax's Armour Boutique.
  8159 | D:7      | Bought a +0 pair of boots for 63 gold pieces
  8494 | D:7      | Reached skill level 12 in Conjurations
  8576 | D:7      | Noticed Prince Ribbit
  8583 | D:7      | Killed Prince Ribbit
  8737 | D:7      | Noticed a troll
  9013 | D:8      | Found a sand-covered staircase.
  9019 | Ossuary  | Entered an ossuary
  9361 | Ossuary  | Reached * piety under Sif Muna
  9732 | D:8      | Found Cum Puepi's Weapon Emporium.
  9987 | D:8      | Reached XP level 10. HP: 50/69 MP: 13/19
 10108 | D:8      | Found a burning altar of Makhleb.
 10116 | D:8      | Reached skill level 13 in Conjurations
 10159 | D:8      | Found a radiant altar of Vehumet.
 10543 | D:8      | Learned a level 2 spell: Blink
 10550 | D:8      | Learned a level 6 spell: Iron Shot
 10578 | D:9      | Found a staircase to the Lair.
 10582 | D:9      | Reached skill level 1 in Invocations
 10743 | D:9      | Noticed a two-headed ogre
 10743 | D:9      | Found a staircase to the Orcish Mines.
 11031 | D:9      | Reached skill level 1 in Earth Magic
 11463 | D:9      | Noticed Pikel
 11485 | D:9      | Killed Pikel
 11881 | D:9      | Killed a two-headed ogre
 11882 | D:9      | Reached skill level 14 in Conjurations
 12414 | D:9      | Noticed a two-headed ogre
 12421 | D:9      | Killed a two-headed ogre
 12595 | D:9      | Reached XP level 11. HP: 32/74 MP: 10/22
 13264 | D:9      | Learned a level 4 spell: Cause Fear
 13320 | D:10     | Entered Level 10 of the Dungeon
 13406 | D:10     | Noticed a two-headed ogre
 13416 | D:10     | Killed a two-headed ogre
 14357 | D:10     | Reached ** piety under Sif Muna
 14497 | D:11     | Noticed Urug
 14568 | Lair:1   | Entered Level 1 of the Lair of Beasts
 14814 | Lair:1   | Noticed a six-headed hydra
 14872 | Lair:1   | Slain by a cane toad

Illustrated notes

Levels and vault maps discovered:
D:1:      dreamdust_arrival_sigmund_warning, layout_basic,
          basic_ecumenical_altar, minmay_pentomino_w4
D:2:      layout_basic, kennysheep_donut
D:3:      cheibrodos_old_hovel, layout_loops_cross, serial_shops,
          nicolae_shop_behind_doors, serial_bayou_pond_b, uniq_jessica
D:4:      layout_gridville, uniq_natasha
D:5:      layout_loops_ring, nicolae_overflows_in_rows
D:6:      layout_basic, minmay_temple_entry_proselytizer, serial_shops, shop,
          serial_park_tiny_pond, uniq_crazy_yiuf_cottage, uniq_edmund
D:7:      minmay_inner_zag, layout_basic, serial_shops, shop_statue,
          uniq_prince_ribbit1
D:8:      layout_loops_ring, grunt_temple_overflow_lords_of_destruction,
          nicolae_ossuary_entry_plus, serial_shops,
          nicolae_shop_competitors_out_of_business, minivault_14
D:9:      layout_loops_corners, erik_lair_orcish_takeover, orc_0_dummy,
          minmay_diced_spiral, uniq_pikel
D:10:     layout_loops_corners, hive_lemuel
D:11:     layout_roguey, gauntlet_entry_generic, uniq_urug
Temple:   nicolae_temple_two_arcs
Lair:1:   beast_lair_carwin_large_2, layout_regular_city

Skill      XL: |  1  2  3  4  5  6  7  8  9 10 11 |
---------------+----------------------------------+-----
Conjurations   | 5 6 7 8 10 12 14 | 14.6
Spellcasting   | 3 4 5 6 7 |  7.9
Hexes          | 1 2 |  2.6
Translocations | 2 |  2.3
Invocations    | 1 |  1.1
Earth Magic    | 3 4 |  4.1
Short Blades   | |  0.1
Dodging        | |  1.7
Stealth        | |  1.7

Action                   |  1- 3 |  4- 6 |  7- 9 | 10-12 || total
-------------------------+-------+-------+-------+-------++-------
Melee: Dagger            |    30 |       |       |       ||    30
       Tailslap          |     3 |       |     2 |       ||     5
       Rapier            |       |       |    29 |     7 ||    36
 Cast: Magic Dart        |    74 |    76 |    84 |    58 ||   292
       Searing Ray       |     1 |    10 |    72 |    40 ||   123
       Fulminant Prism   |       |       |     8 |    16 ||    24
       Iskenderun's Myst |       |       |       |     6 ||     6
       Blink             |       |       |       |     1 ||     1
 Abil: Breathe Noxious F |       |       |     6 |     2 ||     8
  Use: Scroll            |       |    18 |     7 |     6 ||    31
 Stab: Sleeping          |       |       |     1 |       ||     1
       Confused          |       |       |     1 |     1 ||     2
Armor: Skin              |    40 |     5 |    41 |    36 ||   122
Dodge: Dodged            |    50 |     6 |    95 |    90 ||   241

Table legend: (Time is in decaauts)
 A = Elapsed time spent in this place.
 B = Non-inter-level travel time spent in this place.
 C = Inter-level travel time spent in this place.
 D = Time resting spent in this place.
 E = Time spent auto-exploring this place.
 F = Levels seen in this place.
 G = Mean time per level.
                   A        B        C        D        E       F      G
               +--------+--------+--------+--------+--------+-----+--------+
         Total |  14881 |  14168 |    713 |   2871 |   9200 |  14 | 1062.9 |
       Dungeon |  13945 |  13238 |    707 |   2660 |   8639 |  11 | 1267.7 |
        Temple |    120 |    114 |      6 |      0 |    107 |   1 |  120.0 |
          Lair |    303 |    303 |      0 |     74 |    144 |   1 |  303.0 |
       Ossuary |    511 |    511 |      0 |    137 |    310 |   1 |  511.0 |
               +--------+--------+--------+--------+--------+-----+--------+

Top non-repeatable levels by time:
     D:9: 2345 daAuts
     D:8: 1679 daAuts
     D:5: 1619 daAuts
     D:6: 1585 daAuts
     D:7: 1444 daAuts
     D:2: 1195 daAuts
    D:10: 1194 daAuts
     D:3: 964 daAuts
     D:4: 960 daAuts
     D:1: 954 daAuts
 Ossuary: 511 daAuts
  Lair:1: 303 daAuts
  Temple: 120 daAuts
    D:11: 1 daAuts
